 Dungeon Crawl Stone Soup version 0.30-a0-949-g53dc5368d7 (webtiles) character file.

Game seed: 12894297037853746901

34 mopl the Sneak (level 3, -4/24 HPs)
             Began as an Octopode Brigand on Mar 27, 2023.
             Killed from afar by a goblin (12 damage)
             ... with a bolt of dispelling energy
             ... on level 2 of the Dungeon.
             The game lasted 00:01:25 (1176 turns).

mopl the Sneak (Octopode Brigand)                   Turns: 1176, Time: 00:01:25

Health: -4/24      AC:  1    Str: 10    XL:     3   Next: 31%
Magic:  1/1        EV: 12    Int: 15    God:
Gold:   76         SH:  0    Dex: 13    Spells: 4/4 levels left

rFire   . . .      SeeInvis .    a - +2 dagger (antimagic)
rCold   . . .      Faith    .    (no shield)
rNeg    . . .      Spirit   .    (helmet restricted)
rPois   .          Reflect  .    (no amulet)
rElec   .          Rampage  .    (no ring)
rCorr   .                        (no ring)
Will    .....                    (no ring)
Stlth   ++++                     (no ring)
HPRegen 0.24/turn                (no ring)
MPRegen 0.07/turn                (no ring)
                                 (no ring)
                                 (no ring)

@: no status effects
A: almost no armour, amphibious, 8 rings, camouflage 1, gelatinous body 1,
(nimble swimmer 1), tentacles
a: no special abilities


You were on level 2 of the Dungeon.
You visited 1 branch of the dungeon, and saw 2 of its levels.

You collected 76 gold pieces.

Inventory:

Hand Weapons
 a - a +2 antimagic dagger (weapon)
 o - a +2 dagger
Missiles
 b - 9 poisoned darts (quivered)
 c - 3 curare-tipped darts
Scrolls
 e - a scroll of blinking {unknown}
 h - a scroll of butterflies {unknown}
 k - a scroll of teleportation {unknown}
 m - a scroll of noise {unknown}
 n - a scroll of fear {unknown}
Potions
 d - a potion of flight {unknown}
 f - 2 potions of curing {unknown}
 g - a potion of might {unknown}
 i - a potion of cancellation {unknown}
 j - a potion of heal wounds
 l - 2 potions of haste {unknown}
 p - a potion of resistance {unknown}


   Skills:
 - Level 2.0 Fighting
 + Level 2.4 Short Blades
 + Level 2.5 Throwing
 - Level 1.0 Dodging
 + Level 5.7 Stealth
 + Level 1.0 Spellcasting


You had 4 spell levels left.
You didn't know any spells.
Your spell library contained the following spells:

 Spells                   Type           Power      Damage    Failure   Level
 Blade Hands              Tmut           0%         N/A       100%        5
 Iron Shot                Conj/Erth      0%         9d1       100%        6
 Animate Armour           Summ/Erth      Unusable   N/A       N/A         4

Dungeon Overview and Level Annotations

Branches:
Dungeon (2/15)

Altars:


Innate Abilities, Weirdness & Mutations

You cannot wear most types of armour.
You are amphibious.
You can wear up to eight rings at the same time.
Your skin changes colour to match your surroundings (Stealth+).
Your rubbery body absorbs attacks. (AC +1, EV +1)
((You are camouflaged when in or above water. (Stealth+)))
You have tentacles for arms and can constrict up to eight enemies at once.


Message History

No target in view!
Things that are here:
a +2 antimagic dagger; a goblin corpse
o - a +2 antimagic dagger Adjust to which letter? (? for menu, Esc to quit)
a - a +2 antimagic dagger;
o - a +2 dagger (weapon)
You feel magic leave you.
a - a +2 antimagic dagger (weapon)
Found a stone staircase leading down.
p - a golden potion
There is a stone staircase leading down here.
Found 8 stones.
There is a stone staircase leading down here.
Things that are here:
a +0 club; 3 stones; a kobold skeleton You see here a +0 dagger.
A goblin comes into view.
It is wielding a +0 whip and carrying a wand of quicksilver (6).
The goblin hits you with a +0 whip.
You hit the goblin but do no damage. Your grab misses the goblin.
You squeeze the goblin, but do no damage.
The goblin zaps a wand.
The bolt of dispelling energy hits you!
Ouch! That really hurt!
* * * LOW HITPOINT WARNING * * *
You are too injured to fight recklessly!
You are too injured to fight recklessly!
You hit the goblin but do no damage. You grab the goblin.
You constrict the goblin. The goblin hits you but does no damage.
You hit the goblin but do no damage.
The goblin is moderately wounded.
You constrict the goblin.
The goblin drinks a potion.
The goblin is healed!
You hit the goblin.
The goblin is severely wounded.
You constrict the goblin, but do no damage.
The goblin closely misses you.
You hit the goblin but do no damage.
The goblin is severely wounded.
You constrict the goblin, but do no damage.
The goblin zaps a wand.
The bolt of dispelling energy hits you!
Ouch! That really hurt!
You die...

#####...####.####.#####
#..[# #...........#####
#...# #.#####.###.##...
#...###............).##
#.......#####.##.......
#..รท.............#####.
#.............##.# #.
##......########.# #.
#....@.# #.# #. #.#.##g#
#.#####. #.)#. .#
.....##. #.. ....
#.##.##> #.####.##
#.##.##. #. .#
#..###.##.##. .#
............. .#
....#..##.##. . .....
#.##.


You could see a goblin.

Vanquished Creatures
  An adder (D:2)
  An endoplasm (D:2)
  A giant cockroach (D:2)
  7 goblins
  A hobgoblin (D:1)
  2 quokkas
  2 ball pythons
  4 bats
  A kobold (D:2)
  2 rats (D:1)
22 creatures vanquished.

Notes
Turn   | Place    | Note
-------+----------+-------------------------------------------
     0 | D:1      | mopl the Octopode Brigand began the quest for the Orb.
     0 | D:1      | Reached XP level 1. HP: 14/14 MP: 1/1
   344 | D:1      | Reached XP level 2. HP: 19/19 MP: 2/2
   790 | D:2      | Reached skill level 1 in Spellcasting
   790 | D:2      | Reached XP level 3. HP: 24/24 MP: 4/4
  1176 | D:2      | Killed from afar by a goblin

Illustrated notes

Levels and vault maps discovered:
D:1:      scummos_arrival_forest, layout_basic, glass_columns_a,
          kennysheep_another_room
D:2:      layout_loops_ring, columned_hall_lemuel, chequers_serial_rivers_marsh

Skill      XL: |  1  2 |
---------------+-------+-----
Spellcasting   | 1 |  1.0
Fighting       | |  2.0
Short Blades   | |  2.4
Throwing       | |  2.5
Dodging        | |  1.0
Stealth        | |  5.7

Action                     || total
---------------------------++-------
  Melee: Dagger            ||    32
         Tentacles         ||     6
         Constrict         ||     4
   Stab: Sleeping          ||    15
 Armour: Skin              ||     5
  Dodge: Dodged            ||     9

Table legend: (Time is in decaauts)
 A = Elapsed time spent in this place.
 B = Non-inter-level travel time spent in this place.
 C = Inter-level travel time spent in this place.
 D = Time resting spent in this place.
 E = Time spent auto-exploring this place.
 F = Levels seen in this place.
 G = Mean time per level.
                   A        B        C        D        E       F      G
               +--------+--------+--------+--------+--------+-----+--------+
         Total |   1171 |   1136 |     35 |      0 |    969 |   2 |  585.5 |
       Dungeon |   1171 |   1136 |     35 |      0 |    969 |   2 |  585.5 |
               +--------+--------+--------+--------+--------+-----+--------+

Top non-repeatable levels by time:
     D:1: 618 daAuts
     D:2: 553 daAuts
